 Dungeon Crawl Stone Soup version 0.16.1-51-g6203257 (webtiles) character file.

263 hannobal the Skirmisher (level 6, 0/46 HPs)
             Began as an Octopode Wanderer on July 3, 2015.
             Was an Initiate of Ru.
             Succumbed to a kobold's poison
             ... on level 3 of the Dungeon.
             The game lasted 00:11:54 (3890 turns).

hannobal the Skirmisher (Octopode Wanderer)         Turns: 3890, Time: 00:11:54

Health: 0/46       AC:  1    Str: 13    XL:     6   Next: 19%
Magic:  7/7        EV: 12    Int: 11    God:    Ru [......]
Gold:   120        SH:  0    Dex: 15    Spells: 0 memorised, 5 levels left

rFire  . . .     SeeInvis .     b - +2 whip (venom)
rCold  . . .     Clarity  +     (no shield)
rNeg   . . .     SustAb   .     (helmet restricted)
rPois  .         Gourm    .     h - amulet of clarity
rElec  .         Spirit   .     (no ring)
rCorr  .         Warding  .     (no ring)
rMut   .         Stasis   .     (no ring)
MR     .....                    (no ring)
Stlth  ++++......               (no ring)
                                (no ring)
                                (no ring)
                                (no ring)

@: lethally poisoned (0 -> -6), not resistant to hostile enchantments, stealthy
A: almost no armour, amphibious, 8 rings, constrict 8, camouflage 1, gelatinous
body 1
a: Renounce Religion


You were on level 3 of the Dungeon.
You worshipped Ru.
Ru was noncommittal.
You were not hungry.

You visited 1 branch of the dungeon, and saw 4 of its levels.

You collected 120 gold pieces.

Inventory:

Hand weapons
 a - a +2 hand crossbow
 b - a +2 whip of venom (weapon)
 c - a +0 hand axe
 g - a +0 hunting sling
 l - a +1 dagger of venom
 m - a +0 flail
 p - a +2 short sword of speed
Missiles
 d - 262 stones (quivered)
 e - 34 bolts
 i - 22 arrows
 o - 18 poisoned arrows
Jewellery
 h - an amulet of clarity (around mantle)
Scrolls
 n - 4 scrolls of identify
 r - a scroll of amnesia
 s - a scroll of noise
Potions
 q - a potion of lignification
Comestibles
 f - 4 bread rations
 j - 2 meat rations
 k - 2 chunks of flesh
 t - a beef jerky


   Skills:
 - Level 6.0 Fighting
 - Level 1.0(1.9) Axes
 - Level 2.6(2.7) Maces & Flails
 - Level 3.5 Crossbows
 - Level 2.0 Dodging
 + Level 4.0 Stealth
   Level 1.0 Shields
   Level 1.1 Evocations


You had 5 spell levels left.
You didn't know any spells.

Dungeon Overview and Level Annotations

Branches:
Dungeon (4/15)
 Temple: D:4-7

Altars:
Ru
Yredelemnul
The Shining One


Innate Abilities, Weirdness & Mutations

You cannot wear most types of armour.
You are amphibious.
You can wear up to eight rings at the same time.
You can use your tentacles to constrict many enemies at once.
Your skin changes colour to match your surroundings (Stealth).
Your rubbery body absorbs attacks (AC +1).


Message History

You are poisoned.
The ogre hits you with a giant spiked club!
* * * LOW HITPOINT WARNING * * *
You climb upwards.
* * * LOW HITPOINT WARNING * * *
You feel sick.
There is a stone staircase leading down here.
Read which item? (? for menu, Esc to quit)
Okay, then.
Press: ? - help, v - describe, . - travel
Here: an ogre, wielding a giant spiked club (moderately wounded, poisoned)
The floor.
Drink which item? (? for menu, Esc to quit)
Okay, then.
* * * LOW HITPOINT WARNING * * *
You feel sick.
You see here a dagger.
* * * LOW HITPOINT WARNING * * *
You feel sick.
You die...

#........# #.# ##### #........#
#.####.... #........# #.##......
#........# #.##...... #.####.#.#
#.##...... #.# #.#.# #.##......
#####.####.#.###########.##......
#..........#..[..................
#.###^######....@.....)..####....
#.# #.# #..O##################
#.###.######.................####
#............>...................
#####............................
# #########.............##.###. #
#.#.......<......# ## #
#.#####..#...########
#############...#................


You could see an ogre.

Vanquished Creatures
  A giant frog (D:3)
  5 adders
  4 gnolls (D:2)
  3 worms (D:2)
  3 giant geckos (D:1)
  2 oozes
  2 orcs (D:3)
  12 ball pythons
  2 giant cockroaches
  10 goblins
  7 hobgoblins
  A jackal (D:3)
  10 kobolds
  2 quokkas
  6 bats
  7 giant newts
  9 rats
86 creatures vanquished.

Notes
Turn   | Place    | Note
--------------------------------------------------------------
     0 | D:1      | hannobal, the Octopode Wanderer, began the quest for the Orb.
     0 | D:1      | hannobal set off with: a +2 hand crossbow, a potion of lignification, a +0 hand axe, 29 bolts, a bread ration
     0 | D:1      | Reached XP level 1. HP: 19/19 MP: 1/1
   123 | D:1      | Reached skill level 1 in Dodging
   123 | D:1      | Reached XP level 2. HP: 14/25 MP: 2/2
   810 | D:1      | Reached XP level 3. HP: 30/30 MP: 3/3
  1290 | D:2      | Reached skill level 1 in Maces & Flails
  1578 | D:2      | Reached XP level 4. HP: 36/36 MP: 4/4
  1966 | D:2      | Found a basalt altar of Yredelemnul.
  2305 | D:2      | Reached XP level 5. HP: 22/41 MP: 5/5
  2654 | D:2      | Found a glowing golden altar of the Shining One.
  2654 | D:2      | Found a sacrificial altar of Ru.
  2678 | D:2      | Became a worshipper of Ru the Awakened
  3207 | D:3      | Reached skill level 1 in Stealth
  3300 | D:3      | Reached XP level 6. HP: 41/46 MP: 7/7
  3886 | D:3      | HP: 2/46 [poisoned by a kobold]
  3890 | D:3      | Succumbed to a kobold's poison

Action                   |  1- 3 |  4- 6 || total
-------------------------+-------+-------++-------
Melee: Whip              |       |    52 ||    52
 Fire: Hand crossbow     |    90 |    42 ||   132
  Use: Scroll            |     3 |     6 ||     9
       Potion            |     3 |     3 ||     6
 Stab: Sleeping          |       |    13 ||    13
  Eat: Chunk             |     2 |     7 ||     9
